Map: [ESL] Site Delta

Players

SKillous

  • Race: Protoss Protoss
  • League: Diamond
  • Spawn Location: 5:00

Serral - Winner!

  • Race: Zerg Zerg
  • Spawn Location: 11:00

Event: IEM Katowice 2024

VOD

Have the link to the VOD?

Description

Time

  • Played on: Feb. 9, 2024, 11:31 a.m.
  • Length: 16:04

All games in this series

Show
View Real Time Build Order
Export as new Build Order

SKillous Protoss 

Build Orders: 1 Gate Expand, Zealot Archon, Archon Drop, Dark Templar Rush 

Get SALT Encoding   

  12  0:00  Probe  
  13  0:12  Probe  
  14  0:19  Pylon  
  14  0:24  Probe  
  15  0:33  Assimilator  
  15  0:37  Probe (Chrono Boost)  
  16  0:43  Gateway  
  16  0:47  Probe (Chrono Boost)  
  17  0:52  Probe (Chrono Boost)  
  18  1:04  Probe  
  19  1:16  Probe  
  20  1:23  Nexus  
  20  1:32  Cybernetics Core  
  20  1:34  Probe  
  21  1:40  Assimilator  
  21  1:46  Probe  
  22  1:48  Pylon  
  22  1:59  Probe  
  23  2:05  Adept (Chrono Boost)  
  23  2:09  Twilight Council  
  23  2:11  Probe  
  23  2:15  Warp Gate  
  26  2:23  Probe  
  26  2:28  Stalker  
  29  2:35  Probe (Chrono Boost)  
  31  2:39  Pylon  
  32  2:44  Probe (Chrono Boost)  
  32  2:47  Dark Shrine  
  32  2:49  Probe (Chrono Boost)  
  32  2:59  Gateway  
  32  3:01  Probe (Chrono Boost)  
  33  3:09  Gateway  
  34  3:14  Probe (Chrono Boost)  
  34  3:16  Probe (Chrono Boost)  
  35  3:22  Probe (Chrono Boost)  
  35  3:25  Probe (Chrono Boost)  
  37  3:28  Probe  
  38  3:35  Probe  
  38  3:40  Nexus  
  39  3:42  Probe  
  41  3:52  Pylon  
  40  4:03  Dark Templar x2  
  40  4:05  Dark Templar  
  40  4:07  Probe x2 (Chrono Boost)  
  48  4:11  Assimilator  
  48  4:13  Assimilator  
  48  4:16  Probe x2 (Chrono Boost)  
  50  4:21  Probe (Chrono Boost)  
  51  4:24  Probe  
  51  4:28  Robotics Facility  
  51  4:30  Forge  
  52  4:33  Probe (Chrono Boost)  
  54  4:40  Pylon  
  54  4:42  Probe (Chrono Boost)  
  54  4:45  Probe (Chrono Boost)  
  55  4:49  Probe (Chrono Boost)  
  55  4:50  Probe (Chrono Boost)  
  57  4:54  Charge, Probe  
  57  4:59  Dark Templar  
  60  5:00  Dark Templar, Probe  
  60  5:01  Probe  
  60  5:06  Protoss Ground Weapons Level 1 (Chrono Boost), Probe  
  63  5:10  Gateway  
  63  5:13  Archon  
  64  5:14  Archon, Probe (Chrono Boost)  
  64  5:15  Warp Prism (Chrono Boost)  
  64  5:16  Pylon  
  64  5:17  Probe (Chrono Boost)  
  64  5:20  Probe (Chrono Boost)  
  68  5:26  Shield Battery  
  70  5:30  Probe x2 (Chrono Boost)  
  70  5:31  Probe (Chrono Boost)  
  70  5:32  Gateway  
  71  5:35  Probe (Chrono Boost)  
  71  5:37  Probe  
  71  5:39  Probe, Pylon  
  74  5:45  Assimilator x2  
  74  5:47  Probe  
  74  5:49  Observer  
  76  5:50  Probe  
  76  5:52  Probe  
  78  6:04  Probe  
  78  6:05  Probe  
  78  6:06  Zealot x3  
  78  6:07  Probe  
  87  6:13  Gateway  
  87  6:14  Gateway, Immortal (Chrono Boost)  
  87  6:17  Gateway  
  91  6:20  Gateway  
  91  6:22  Pylon  
  91  6:28  Gateway  
  91  6:30  Zealot  
  91  6:31  Gateway  
  93  6:34  Blink (Chrono Boost)  
  93  6:38  Zealot x3  
  93  6:40  Pylon  
  93  6:44  Immortal (Chrono Boost)  
  96  6:50  Probe  
  97  7:03  Nexus  
  97  7:04  Sentry  
  97  7:05  Sentry, Pylon  
  101  7:09  Dark Templar x2, Pylon  
  101  7:12  Dark Templar  
  107  7:16  Archon  
  107  7:17  Protoss Ground Weapons Level 2 (Chrono Boost), Dark Templar  
  109  7:23  Observer (Chrono Boost), Pylon  
  109  7:27  Pylon  
  110  7:33  Dark Templar x3  
  110  7:34  Dark Templar  
  118  7:39  Archon x2  
  118  7:40  Zealot x2, Archon  
  118  7:42  Zealot x2  
  126  7:47  Probe  
  126  7:48  Zealot  
  129  7:52  Probe  
  129  7:55  Zealot  
  129  7:56  Robotics Bay  
  124  8:01  Probe  
  124  8:05  Dark Templar x3  
  126  8:06  Zealot  
  126  8:11  Zealot x2  
  127  8:22  Dark Templar  
  127  8:23  Zealot  
  123  8:29  Probe  
  123  8:31  Dark Templar  
  126  8:42  Disruptor (Chrono Boost)  
  126  8:43  Pylon  
  126  8:45  Pylon  
  130  8:49  Photon Cannon  
  130  8:51  Probe x2  
  130  8:52  Probe  
  130  8:53  Archon, Shield Battery  
  130  8:54  Dark Templar, Archon  
  135  9:00  Probe  
  135  9:01  Archon  
  136  9:03  Photon Cannon, Probe  
  136  9:04  Shield Battery, Probe  
  136  9:08  Disruptor (Chrono Boost)  
  136  9:12  Probe  
  136  9:14  Stalker x2  
  136  9:15  Stalker  
  147  9:20  Stalker  
  147  9:23  Zealot  
  134  9:25  Dark Templar  
  134  9:29  Probe  
  134  9:30  Zealot  
  127  9:33  Probe  
  127  9:38  Probe  
  121  9:40  Zealot x3  
  125  9:48  Disruptor  
  127  9:53  Dark Templar x2  
  127  9:59  Archon  
  131  10:03  Zealot x6  
  131  10:04  Zealot  
  141  10:07  Zealot  
  125  10:15  Probe x2  
  125  10:17  Probe  
  128  10:23  Disruptor  
  128  10:24  Dark Templar x3  
  128  10:25  Zealot x2  
  139  10:32  Probe  
  139  10:35  Archon x2  
  136  10:39  Zealot, Stalker x4  
  138  10:46  Probe  
  138  10:48  Dark Templar  
  127  10:50  Probe  
  127  10:53  Probe  
  127  10:54  Zealot  
  124  11:05  Stalker x6  
  124  11:06  Shield Battery  
  124  11:10  Shield Battery  
  135  11:11  Disruptor  
  139  11:20  Stalker x2  
  139  11:23  Shield Battery  
  143  11:30  Shield Battery  
  126  11:42  Pylon  
  126  11:51  Assimilator, Pylon  
  126  11:52  Assimilator  
  126  11:53  Pylon  
  126  12:01  Stalker x3  
  132  12:14  Stalker x6  
  139  12:27  Pylon  
  139  12:31  Pylon  
  133  12:45  Observer, Pylon  
  133  12:48  Dark Templar  
  132  13:05  Stalker x9  
  140  13:07  Observer (Chrono Boost)  
  151  13:28  Nexus  
  151  13:29  Pylon  
  151  13:32  Stalker  
  151  13:33  Stalker x2  
  157  13:40  Pylon  
  157  13:41  Pylon  
  157  13:44  Nexus  
  157  13:50  Stalker x4  
  157  13:53  Pylon  
  157  13:54  Photon Cannon  
  163  14:00  Stalker  
  165  14:03  Dark Templar  
  165  14:04  Dark Templar x2  
  171  14:11  Dark Templar, Archon  
  173  14:20  Stalker x3  
  179  14:28  Archon  
  169  14:47  Stalker x7  
  172  15:00  Stalker  
  172  15:01  Stalker x2  
  172  15:24  Dark Templar x2, Stalker x2  
  180  15:34  Archon  
  180  15:35  Stalker  
  180  15:36  Zealot x2  
  124  15:51  Stalker x3  
  124  15:57  Zealot x3  
Show
View Real Time Build Order
Export as new Build Order

Serral Zerg - Winner!

Build Orders: Hatch First 

Get SALT Encoding   

  12  0:00  Drone  
  13  0:07  Drone  
  14  0:16  Overlord  
  14  0:40  Drone  
  15  0:44  Hatchery  
  15  0:47  Drone  
  15  0:51  Drone  
  15  0:54  Drone  
  17  1:02  Drone  
  18  1:09  Extractor  
  17  1:15  Spawning Pool  
  17  1:17  Drone  
  17  1:23  Drone  
  18  1:34  Drone  
  19  1:44  Drone  
  20  1:56  Drone  
  20  1:57  Overlord  
  21  2:02  Queen x2  
  21  2:06  Zergling x2  
  26  2:09  Metabolic Boost  
  26  2:11  Zergling x2  
  27  2:18  Drone x2  
  29  2:29  Drone x2  
  31  2:36  Hatchery  
  30  2:41  Drone  
  30  2:43  Overlord  
  31  2:50  Queen  
  33  2:51  Drone  
  33  2:54  Drone  
  35  3:00  Drone  
  35  3:01  Overlord  
  36  3:09  Queen  
  36  3:12  Drone x3  
  41  3:14  Drone  
  41  3:15  Drone  
  42  3:21  Drone  
  42  3:26  Drone, Queen  
  46  3:33  Drone  
  47  3:39  Drone  
  48  3:43  Overlord  
  48  3:45  Queen  
  48  3:48  Drone x3  
  53  3:52  Overlord  
  53  3:54  Zergling x4  
  55  3:57  Drone  
  55  3:59  Drone, Roach Warren  
  55  4:00  Drone  
  57  4:06  Drone  
  57  4:09  Spore Crawler  
  57  4:10  Zergling x4  
  57  4:11  Drone  
  57  4:12  Overlord  
  60  4:17  Zergling x6  
  60  4:22  Spore Crawler  
  62  4:29  Spore Crawler  
  62  4:31  Zergling x10  
  66  4:43  Lair  
  66  4:51  Drone  
  66  4:52  Drone x2  
  67  4:56  Drone  
  67  4:58  Drone x2, Hatchery  
  67  4:59  Drone  
  69  5:01  Drone  
  69  5:04  Drone  
  71  5:07  Extractor x2  
  71  5:09  Overlord  
  71  5:10  Drone  
  71  5:13  Drone x2  
  72  5:19  Overlord  
  72  5:22  Drone x2  
  72  5:24  Drone  
  75  5:30  Drone  
  75  5:31  Evolution Chamber  
  74  5:36  Drone x4  
  74  5:42  Overseer, Glial Reconstitution  
  78  5:44  Drone  
  78  5:46  Overlord  
  79  5:55  Extractor, Roach  
  80  5:59  Roach x3  
  80  6:03  Overlord  
  86  6:05  Overlord  
  86  6:09  Drone x2  
  88  6:13  Drone x2  
  88  6:15  Zerg Missile Weapons Level 1  
  88  6:17  Drone  
  91  6:21  Drone, Overlord  
  91  6:24  Overseer  
  92  6:28  Extractor, Roach x4  
  92  6:32  Roach x2  
  100  6:42  Roach x7  
  114  6:53  Overlord x3  
  112  7:02  Hatchery  
  112  7:03  Overlord  
  112  7:07  Drone  
  112  7:08  Drone  
  113  7:11  Overlord  
  113  7:12  Ravager x4  
  113  7:13  Roach x8  
  132  7:21  Overlord  
  132  7:22  Roach x2  
  136  7:35  Drone x2  
  138  7:38  Roach x4  
  138  7:43  Ravager x3  
  149  7:46  Roach x2  
  152  7:52  Overlord x2  
  152  7:55  Hatchery  
  146  8:00  Roach x4  
  154  8:10  Roach x5  
  154  8:11  Roach x4  
  168  8:15  Overseer  
  168  8:16  Roach  
  168  8:18  Overlord x2  
  164  8:29  Roach  
  164  8:30  Roach x3  
  166  8:41  Zerg Missile Weapons Level 2  
  166  8:42  Roach x4  
  166  8:45  Extractor, Drone x2  
  166  8:46  Drone x4, Extractor  
  174  8:51  Drone x2  
  174  8:54  Roach  
  178  8:56  Overseer  
  178  9:02  Roach x4  
  186  9:09  Burrow  
  183  9:18  Roach x4  
  179  9:27  Roach  
  179  9:28  Roach x7  
  154  9:38  Drone x2  
  154  9:39  Drone  
  154  9:42  Roach x8  
  173  9:48  Overlord  
  173  9:50  Overlord  
  173  9:59  Overlord  
  175  10:00  Roach x5  
  183  10:11  Roach x7  
  191  10:18  Roach x3  
  187  10:29  Roach x7  
  193  10:39  Roach x3  
  193  10:40  Pneumatized Carapace  
  183  10:52  Roach x6  
  183  10:53  Roach x2  
  193  10:57  Overlord x2  
  193  11:00  Roach x5, Overlord  
  193  11:01  Roach x6  
  193  11:03  Overseer x2  
  189  11:05  Spine Crawler  
  189  11:11  Drone, Spore Crawler, Spine Crawler  
  186  11:12  Zerg Ground Armor Level 1  
  186  11:17  Roach x4  
  195  11:28  Roach x4  
  193  11:41  Baneling Nest  
  193  11:44  Drone x2  
  193  11:45  Drone x5  
  199  11:47  Extractor, Roach x2  
  200  12:07  Hatchery  
  197  12:15  Roach  
  197  12:16  Roach  
  190  12:23  Roach x6  
  190  12:25  Infestation Pit, Centrifugal Hooks  
  195  12:34  Zergling x14  
  195  12:35  Zergling x8  
  200  12:43  Queen x2  
  200  12:46  Overlord  
  200  12:48  Overseer  
  194  13:03  Hive  
  194  13:05  Drone x3, Ravager x2  
  195  13:06  Ravager x3  
  195  13:08  Roach x5  
  195  13:09  Zerg Melee Weapons Level 1  
  198  13:22  Evolution Chamber  
  198  13:24  Drone x3  
  200  13:27  Spore Crawler, Spine Crawler  
  200  13:28  Drone  
  188  13:42  Baneling x12  
  188  13:44  Zergling x2  
  188  13:45  Zergling x24  
  198  13:56  Zergling x4  
  197  14:10  Zergling x6  
  197  14:17  Adrenal Glands  
  197  14:18  Baneling x12  
  197  14:19  Baneling x9  
  197  14:21  Zergling x4  
  185  14:43  Zergling x44  
  192  14:50  Viper x2  
  190  14:53  Zergling x10, Roach x3  
  180  15:07  Zergling x22  
  180  15:13  Queen  
  181  15:14  Zergling x2  
  181  15:16  Baneling x27  
  181  15:17  Baneling x13  
  181  15:19  Overseer  
  182  15:22  Zergling x30  
  182  15:25  Baneling x4  
  197  15:29  Zergling x4  
  197  15:34  Zergling x6  
  190  15:45  Zergling x2  
  190  15:46  Zergling x10  

Tags
 
Add a new tag
Caveats
  • Supply blocks, unpowered buildings, or Contaminate may cause inaccurate times.
  • Supply counts are checked every 10 seconds.